 Dungeon Crawl Stone Soup version 0.31-a0-263-ge8cad7f256 (webtiles) character file.

Game seed: 7344249157840704295

226 qw the Shooter (level 6, -1/37 HPs)
             Began as a Gargoyle Hexslinger on July 13, 2023.
             Slain by an ogre
             ... wielding a +0 giant club
              (10 damage)
             ... on level 4 of the Dungeon.
             The game lasted 00:01:23 (2803 turns).

qw the Shooter (Gargoyle Hexslinger)                Turns: 2803, Time: 00:01:24

Health: -1/37      AC: 15    Str: 16    XL:     6   Next: 1%
Magic:  7/7        EV: 11    Int:  9    God:
Gold:   314        SH:  0    Dex: 14    Spells: 6/7 levels left

rFire   + . .        Y - +2 sling
rCold   . . .        (no shield)
rNeg    + + .        i - +0 ring mail
rPois   inf          (no helmet)
rElec   +            c - +0 cloak
rCorr   .            (no gloves)
SInv    +            l - +0 pair of boots
Will    .....        (no amulet)
Stlth   +            d - ring "Mopi Oxigge" {rF+ rN+ Str+4 Int-4 SInv}
HPRegen 0.26/turn    a - +4 ring of protection
MPRegen 0.10/turn

%: no passive effects
@: no status effects
A: sickness immunity, AC +4, negative energy resistance 1, electricity
resistance, torment resistance 1, petrification resistance
a: no special abilities


You were on level 4 of the Dungeon.
You visited 1 branch of the dungeon, and saw 5 of its levels.

You collected 314 gold pieces.


Innate Abilities, Weirdness & Mutations

You are immune to sickness and miasma.
Your stone body is resilient. (AC +4)
You are immune to poison.
You resist negative energy. (rN+)
You are resistant to electric shocks. (rElec)
You are resistant to unholy torment.
You are immune to petrification.


   Skills:
 - Level 3.0 Fighting
 + Level 5.2 Ranged Weapons
 - Level 1.0 Armour
 - Level 1.5 Dodging
 - Level 1.0 Spellcasting
 - Level 2.6 Hexes


You had 6 spell levels left.
You knew the following spells:

 Your Spells              Type           Power      Damage    Failure   Level
a - Slow                  Hex            20%        N/A       24%         1

Your spell library contained the following spells:

 Spells                   Type           Power      Damage    Failure   Level
 Inner Flame              Hex/Fire       2%         N/A       77%         3
 Portal Projectile        Hex/Tloc       4%         N/A       77%         3
 Cause Fear               Hex            2%         N/A       93%         4

Inventory:

Hand Weapons
 Y - a +2 sling (weapon)
Armour
 c - a +0 cloak (worn)
 i - a +0 ring mail (worn)
 l - a +0 pair of boots (worn)
Jewellery
 a - a +4 ring of protection (right hand)
 d - the ring "Mopi Oxigge" (left hand) {rF+ rN+ Str+4 Int-4 SInv}
   (You acquired it on level 2 of the Dungeon)

   [ring of protection from fire]

   Str:       It affects your strength (+4).
   Int:       It affects your intelligence (-4).
   rF:        It protects you from fire.
   rN:        It protects you from negative energy.
   SInv:      It lets you see invisible.
 f - a ring of willpower
 n - a ring of ice
Wands
 e - a wand of digging (4)
Scrolls
 b - a scroll of identify
Potions
 g - a potion of resistance
 j - a potion of enlightenment
 m - a potion of curing

Dungeon Overview and Level Annotations

Branches:
Dungeon (5/15)
 Temple: D:4-7

Altars:
Dithmenos
Kikubaaqudgha
Yredelemnul

Shops:
D:1 (

Annotations:
D:2 1 runed translucent door, Crazy Yiuf


Message History

An orc comes into view. It is wielding a +0 dagger.
You shoot a sling bullet. The orc shouts!
The sling bullet hits the worm.
The worm is severely wounded.
You shoot a sling bullet.
The sling bullet hits the worm but does no damage.
The worm is severely wounded.
An orc comes into view. It is wielding a +0 flail.
You shoot a sling bullet. The sling bullet hits the worm.
The worm is severely wounded.
The orc hits you but does no damage.
You shoot a sling bullet. The sling bullet hits the worm.
The worm is almost dead.
The orc hits you with a +0 dagger.
An orc comes into view. It is wielding a +0 dagger.
You shoot a sling bullet. The orc shouts!
The sling bullet hits the worm.
You kill the worm!
An orc priest comes into view. It is wielding a +0 flail.
The ogre hits you with a +0 giant club!!
Ouch! That really hurt!
You have reached level 6!
2799 ||| STAIRDANCE The orc priest shouts!
The ogre hits you with a +0 giant club!
You climb upwards.
There is a stone staircase leading down here.
You shoot a sling bullet.
The sling bullet hits the ogre but does no damage.
The orc hits you but does no damage.
You shoot a sling bullet. The sling bullet hits the ogre.
The ogre is moderately wounded.
The orc closely misses you. The ogre barely misses you.
The orc hits you but does no damage.
You shoot a sling bullet.
The sling bullet barely misses the ogre.
The ogre hits you with a +0 giant club!
You die...

................# #...# #.####
.###............#####...####.####
## ##.###..##................(...
#.# #.#####.#####..#####.#### #.#
#.# #.# #........#### #.#
#.#####.# #..####...... #.#
#|......# #..# #.##### #.#
######..#####..####.# #.#
#..@O.....<....# #.#
##o############# #.# #.#
#.#########.# #...........#
#############


You could see an ogre and an orc.

Vanquished Creatures
  A howler monkey (D:3)
  A hound (D:4)
  Ijyb (D:3)
  2 adders
  An ufetubus (D:4)
  4 worms
  3 dart slugs
  3 orcs (D:3)
  10 endoplasms
  5 giant cockroaches
  5 goblins
  8 hobgoblins
  3 jackals (D:2)
  5 quokkas
  9 ball pythons
  5 bats
  9 frilled lizards
  5 kobolds
  4 rats
84 creatures vanquished.

Notes
Turn   | Place    | Note
-------+----------+-------------------------------------------
     0 | D:1      | qw the Gargoyle Hexslinger began the quest for the Orb.
     0 | D:1      | Reached XP level 1. HP: 12/12 MP: 2/2
     0 | D:1      | 0 ||| qw: Version: 0.3-a-52-g30416fa
     0 | D:1      | 0 ||| qw: Game counter: 7354
     0 | D:1      | 0 ||| qw: Melee chars always use a shield: true
     0 | D:1      | 0 ||| qw: God list: Okawaru
     0 | D:1      | 0 ||| qw: Allow faded altars: false
     0 | D:1      | 0 ||| qw: Do Orc after clearing Dungeon:15 true
     0 | D:1      | 0 ||| qw: Do second Lair branch before Depths: true
     0 | D:1      | 0 ||| qw: Lair rune preference: random
     0 | D:1      | 0 ||| qw: Goals: Normal
     0 | D:1      | 0 ||| PLANNING D:1-11
    95 | D:1      | Reached XP level 2. HP: 16/16 MP: 3/3
   160 | D:1      | Reached skill level 3 in Ranged Weapons
   170 | D:1      | Found Ocvynnei's Antique Weapon Shoppe.
   229 | D:1      | Reached XP level 3. HP: 21/21 MP: 4/4
   462 | D:1      | 462 ||| UPGRADING to +0 ring mail.
   472 | D:1      | 472 ||| DROPPING +0 robe.
   473 | D:1      | 473 ||| UPGRADING to +0 pair of boots.
   478 | D:1      | 478 ||| DROPPING ring of wizardry.
   479 | D:1      | 479 ||| UPGRADING to +4 ring of protection.
   480 | D:1      | 480 ||| READING scroll labelled JOLAEP SEIXEIM.
   481 | D:1      | 481 ||| READING scroll labelled MEMOFO ECUI.
   482 | D:1      | 482 ||| READING scroll labelled ZEGILE EMITT.
   483 | D:1      | 483 ||| READING scroll labelled GUTWAN HE OSIZ.
   484 | D:1      | 484 ||| READING scroll labelled MIT QONIJUEHOPH.
   585 | D:1      | 585 ||| DRINKING 2 grey potions.
   586 | D:1      | 586 ||| DROPPING scroll of poison.
   703 | D:2      | Reached skill level 1 in Armour
   783 | D:2      | Found a runed translucent door.
   784 | D:2      | Noticed Crazy Yiuf
   828 | D:2      | Found a faded altar of an unknown god.
   921 | D:2      | Reached XP level 4. HP: 26/26 MP: 5/5
  1071 | D:2      | 1071 ||| UPGRADING to +0 cloak.
  1076 | D:2      | 1076 ||| UPGRADING to ring of willpower.
  1077 | D:2      | 1077 ||| READING scroll labelled PIPHIL QIWE.
  1077 | D:2      | Identified a scroll of acquirement
  1077 | D:2      | 1077 ||| ACQUIRING ring "Mopi Oxigge" {rF+ rN+ Str+4 Int-4
                  | SInv}
  1077 | D:2      | Acquired the ring "Mopi Oxigge" {rF+ rN+ Str+4 Int-4 SInv}
  1079 | D:2      | 1079 ||| UPGRADING to ring "Mopi Oxigge" {rF+ rN+ Str+4
                  | Int-4 SInv}.
  1081 | D:2      | 1081 ||| UPGRADING to +4 ring of protection.
  1122 | D:3      | 1122 ||| PLANNING SEWER
  1123 | D:3      | Found an ancient bone altar of Kikubaaqudgha.
  1304 | D:3      | Noticed Ijyb
  1334 | D:3      | Killed Ijyb
  1335 | D:3      | Reached skill level 4 in Ranged Weapons
  1796 | D:3      | Reached skill level 5 in Ranged Weapons
  1796 | D:3      | Reached XP level 5. HP: 30/30 MP: 6/6
  1809 | D:3      | 1809 ||| RIP SEWER
  1819 | D:3      | 1819 ||| PLANNING D:1-11
  2149 | D:3      | 2149 ||| READING scroll labelled VOELIC ESMYO.
  2150 | D:3      | 2150 ||| READING scroll labelled KIEPAF COFEG.
  2168 | D:3      | 2168 ||| READING 3 scrolls of identify.
  2168 | D:3      | 2168 ||| IDENTIFYING purple potion
  2266 | D:4      | Reached skill level 3 in Fighting
  2365 | D:4      | Found a basalt altar of Yredelemnul.
  2428 | D:4      | Found a shadowy altar of Dithmenos.
  2775 | D:4      | 2775 ||| READING scroll labelled EMUUPE EL RETZ.
  2780 | D:4      | 2780 ||| READING scroll labelled BAMPIQIJUY.
  2781 | D:4      | 2781 ||| READING scroll labelled QAOMARYMORCH.
  2782 | D:4      | 2782 ||| READING 2 scrolls of identify.
  2782 | D:4      | 2782 ||| IDENTIFYING amethyst potion
  2788 | D:5      | Entered Level 5 of the Dungeon
  2792 | D:5      | Noticed an ogre
  2799 | D:5      | Reached XP level 6. HP: 15/37 MP: 7/7
  2799 | D:5      | 2799 ||| STAIRDANCE
  2799 | D:5      | HP: 7/37 [ogre/+0 giant club (8)]
  2803 | D:4      | Slain by an ogre

Levels and vault maps discovered:
D:1:      tarquinn_simple_flora_water_b, layout_rooms, serial_shops, shop
D:2:      layout_rooms, hellmonk_ecumenical_altar_crossroads, minivault_14,
          uniq_crazy_yiuf_cottage
D:3:      layout_loops_corners, nicolae_kikubaaqudgha_miasma_corner,
          gup_sewer_entry_pipe, uniq_ijyb
D:4:      layout_loops_ring, nicolae_overflow_crystal_walls,
          mainiacjoe_overflow_24_doors
D:5:      layout_cave_pools, okawaru_ov_weapons_minmay, serial_rivers,
          chequers_serial_rivers_micro_a, chequers_serial_rivers_micro_a,
          chequers_serial_rivers_micro_b, chequers_serial_rivers_large_b

Skill      XL: |  1  2  3  4  5 |
---------------+----------------+-----
Ranged Weapons | 3 5 |  5.2
Fighting       | 2 3 |  3.0
Armour         | 1 |  1.0
Dodging        | |  1.5
Spellcasting   | |  1.0
Hexes          | |  2.6

Action                     |  1- 3 |  4- 6 || total
---------------------------+-------+-------++-------
   Fire: Sling             |   137 |   196 ||   333
    Use: Scroll            |     5 |     8 ||    13
         Potion            |     1 |       ||     1
 Armour: Robe              |     3 |       ||     3
         Ring mail         |    24 |    68 ||    92
  Dodge: Dodged            |    43 |    74 ||   117

Table legend:
 A = Non-vault XP
 B = Vault XP
 C = Vault XP percentage of total XP
 D = Non-vault monster count
 E = Vault monster count
 F = Vault count percentage of total count
                 A         B        C        D         E       F
            +---------+---------+-------+---------+---------+-------
      Total |     277 |      46 |  14.2 |      78 |       6 |   7.1
            +---------+---------+-------+---------+---------+-------
        D:1 |      49 |       0 |   0.0 |      28 |       0 |   0.0
        D:2 |      40 |       0 |   0.0 |      15 |       0 |   0.0
        D:3 |     100 |      46 |  31.5 |      18 |       6 |  25.0
        D:4 |      83 |       0 |   0.0 |      16 |       0 |   0.0
        D:5 |       5 |       0 |   0.0 |       1 |       0 |   0.0
            +---------+---------+-------+---------+---------+-------
